 Dungeon Crawl Stone Soup version 0.23-a0-644-gb60d84b (webtiles) character file.

74 Borgoz the Sneak (level 4, -4/27 HPs)
             Began as a Kobold Assassin on Jan 2, 2019.
             Slain by an orc
             ... wielding a +0 war axe
              (10 damage)
             ... on level 3 of the Dungeon.
             The game lasted 00:02:53 (1505 turns).

Borgoz the Sneak (Kobold Assassin)                  Turns: 1505, Time: 00:02:54

Health: -4/27      AC:  3    Str:  9    XL:     4   Next: 52%
Magic:  4/4        EV: 15    Int: 12    God:
Gold:   124        SH:  0    Dex: 16    Spells: 3/3 levels left

rFire    . . .     SeeInvis +   a - +2 dagger
rCold    . . .     Gourm    .   (shield restricted)
rNeg     + . .     Faith    .   c - +0 robe
rPois    .         Spirit   .   (no helmet)
rElec    .         Reflect  .   d - +0 cloak
rCorr    .         Harm     .   (no gloves)
MR       .....                  (no boots)
Stlth    ++++......             q - amulet of the acrobat
HPRegen  0.09/turn              m - ring of see invisible
MPRegen  0.09/turn              p - ring of positive energy

@: no status effects
A: small, carnivore
a: no special abilities


You were on level 3 of the Dungeon.
You were full.

You visited 1 branch of the dungeon, and saw 3 of its levels.

You collected 124 gold pieces.

Inventory:

Hand Weapons
 a - a +2 dagger (weapon)
 b - a +0 blowgun
Missiles
 e - 14 poisoned needles
 f - 2 curare-tipped needles
Armour
 c - a +0 robe (worn)
 d - a +0 cloak (worn)
Jewellery
 m - a ring of see invisible (left hand)
 p - a ring of positive energy (right hand)
 q - an amulet of the acrobat (around neck)
Scrolls
 h - a scroll of teleportation {unknown}
 i - 2 scrolls of remove curse {unknown}
 j - a scroll of magic mapping {unknown}
 k - 2 scrolls of enchant armour {unknown}
 l - 4 scrolls of identify {unknown}
 o - a scroll of fog {unknown}
Potions
 n - a potion of flight {unknown}
 r - a potion of curing {unknown}
Comestibles
 g - 4 rations


   Skills:
 + Level 2.3 Fighting
 + Level 3.3 Short Blades
 + Level 2.2 Throwing
 + Level 2.2 Dodging
 + Level 7.0 Stealth


You had 3 spell levels left.
You didn't know any spells.
Your spell library was empty.

Dungeon Overview and Level Annotations

Branches:
Dungeon (3/15)

Altars:
Gozag


Innate Abilities, Weirdness & Mutations

You are small and have problems with some larger weapons.
You are carnivorous and can eat meat at any time.


Message History

The orc is lightly wounded.
You hit the orc.
The orc is moderately wounded.
The orc closely misses you.
You barely miss the orc.
The orc is moderately wounded.
The orc hits you with a +0 war axe!
You hit the orc but do no damage.
The orc is moderately wounded.
The orc barely misses you.
You hit the orc.
The orc is severely wounded.
You hit the orc.
The orc is almost dead.
The orc hits you with a +0 war axe!
* * * LOW HITPOINT WARNING * * *
You closely miss the orc.
The orc is almost dead.
The orc hits you with a +0 war axe!
You die...

####.#
##### #.#
#...# #.#
#.#.###.#
#.......#
###.#####
####.#
#.)..#
#@####
#o# #r#
#w. #.#
%.. ..#
.##


You could see a worm, an orc and a rat.

Vanquished Creatures
  Jessica (D:3)
  A gnoll (D:1)
  An adder (D:3)
  An orc (D:3)
  4 bats
  4 giant cockroaches (D:1)
  2 goblins
  6 hobgoblins
  A ball python (D:1)
  2 frilled lizards
  A kobold (D:1)
  5 rats
29 creatures vanquished.

Notes
Turn   | Place    | Note
-------+----------+-------------------------------------------
     0 | D:1      | Borgoz the Kobold Assassin began the quest for the Orb.
     0 | D:1      | Reached XP level 1. HP: 12/12 MP: 1/1
   134 | D:1      | Reached XP level 2. HP: 11/17 MP: 2/2
   220 | D:1      | Reached skill level 6 in Stealth
   429 | D:1      | Reached XP level 3. HP: 2/21 MP: 3/3
  1153 | D:2      | Found an opulent altar of Gozag.
  1486 | D:3      | Noticed Jessica
  1489 | D:3      | Reached XP level 4. HP: 26/27 MP: 4/4
  1496 | D:3      | Killed Jessica
  1496 | D:3      | Reached skill level 7 in Stealth
  1505 | D:3      | Slain by an orc

Vault maps used:
D:1:      minmay_arrival_loop, hex_large
D:2:      old_standard_altar
D:3:      old_standard_altar, minmay_checkerbox, uniq_jessica

Skill      XL: |  1  2  3  4 |
---------------+-------------+-----
Stealth        | 6 7 |  7.0
Short Blades   | 3 |  3.3
Dodging        | 2 |  2.2
Fighting       | |  2.3
Throwing       | |  2.2

Action                   |  1- 3 |  4- 6 || total
-------------------------+-------+-------++-------
Melee: Dagger            |    67 |    15 ||    82
 Stab: Sleeping          |    16 |       ||    16
  Eat: Chunk             |     6 |       ||     6
Armor: Robe              |    13 |     3 ||    16
Dodge: Dodged            |    42 |     8 ||    50

Table legend:
 A = Non-vault XP
 B = Vault XP
 C = Vault XP percentage of total XP
 D = Non-vault monster count
 E = Vault monster count
 F = Vault count percentage of total count
                 A         B        C        D         E       F
            +---------+---------+-------+---------+---------+-------
      Total |      69 |      37 |  34.9 |      28 |       1 |   3.4
            +---------+---------+-------+---------+---------+-------
        D:1 |      38 |       0 |   0.0 |      16 |       0 |   0.0
        D:2 |      13 |       0 |   0.0 |       8 |       0 |   0.0
        D:3 |      18 |      37 |  67.3 |       4 |       1 |  20.0
            +---------+---------+-------+---------+---------+-------
